AoeStats
← gob b

Arena

504199350Analyzed
3v3 RM · 28d ago on Sep 4, 2026· 55m 35s· 6 players
Game mode
Random Map
Map size
Normal (6 player)
Population
200
Speed
Normal
Resources
Standard
Victory
Conquest
Starting age
Dark Age
Ending age
Imperial Age
RankedLock teamsTeams togetherTeam positionsShared explorationLock speedFull tech treeHidden civsTurbo modeCheats
Victory
Defeat
🇨🇴 Muisca · Colombia
1266
+14
🇨🇳 Franks · China
1250
+15
🇩🇪 Goths · Germany
1199
+18
1266
-17
🇮🇳 Khitans · India
1209
-15
1208
-15
HuNTeR <3<3<3 Chipdi
0:28 Loom
12:21 Feudal Age
17:37 Castle Age
16:54 Horse Collar
17:01 Double-Bit Axe
25:57 Imperial Age
25:15 Wheelbarrow
24:45 Heavy Plow
25:19 Gold Mining
27:48 Chemistry
27:55 Stone Mining
29:05 Ballistics
29:54 Bow Saw
30:33 Hand Cart
32:39 Stone Shaft Mining
32:40 Gold Shaft Mining
32:37 Crop Rotation
32:28 Thumb Ring
34:26 Two-Man Saw
34:35 Conscription
34:14 Fletching
34:25 Padded Archer Armor
36:45 Bodkin Arrow
37:05 Leather Archer Armor
36:53 Caravan
36:39 Elite Skirmisher
38:19 Bracer
38:29 Forging
38:20 Scale Mail Armor
38:26 Scale Barding Armor
40:46 Iron Casting
41:42 Ring Archer Armor
41:27 Chain Mail Armor
44:25 Heavy Camel Rider
46:29 Chain Barding Armor
46:40 Plate Mail Armor
49:43 Husbandry
53:54 Squires
53:41 Arson
54:06 Pikeman
[T41] Indian War Lord
11:57 Feudal Age
17:56 Castle Age
15:56 Double-Bit Axe
16:13 Horse Collar
17:54 Wheelbarrow
19:27 Forging
19:49 Bow Saw
19:57 Loom
24:47 Iron Casting
25:39 Scale Barding Armor
28:36 Hand Cart
30:53 Chain Barding Armor
34:27 Imperial Age
32:21 Bloodlines
32:12 Husbandry
32:31 Husbandry
32:53 Caravan
33:08 Heavy Plow
33:31 Gold Mining
35:09 Conscription
35:52 Blast Furnace
37:01 Plate Barding Armor
36:50 Fletching
37:29 Guilds
37:21 Town Watch
42:14 Gold Shaft Mining
45:34 Cavalier
46:14 Elite War Elephant
47:06 Devotion
47:43 Bodkin Arrow
47:52 Light Cavalry
48:09 Savar
gob b
11:20 Feudal Age
15:07 Castle Age
13:57 Forging
14:56 Double-Bit Axe
14:53 Domestication
15:05 Gold Mining
27:48 Iron Casting
27:13 Scale Mail Armor
34:00 Imperial Age
32:15 Wheelbarrow
32:34 Bow Saw
32:27 Pastoralism
34:51 Lamellar Armor
35:06 Chain Mail Armor
35:53 Conscription
35:24 Gambesons
35:39 Squires
35:03 Elite Fire Lancer
35:47 Squires
36:09 Gambesons
36:15 Arson
37:44 Two-Man Saw
37:55 Hand Cart
38:18 Transhumance
38:47 Plate Mail Armor
38:10 Fletching
43:54 Scale Barding Armor
43:55 Elite Steppe Lancer
44:35 Husbandry
45:20 Chain Barding Armor
51:35 Heavy Camel Rider
Manueska
10:06 Feudal Age
12:28 Loom
12:43 Loom
15:12 Castle Age
13:09 Double-Bit Axe
13:23 Horse Collar
14:55 Loom
19:02 Sanctity
20:56 Fervor
23:30 Wheelbarrow
23:46 Heavy Plow
24:34 Stone Mining
24:37 Gold Mining
25:20 Bow Saw
29:44 Imperial Age
28:41 Hand Cart
28:39 Stone Mining
30:17 Gold Shaft Mining
29:51 Fletching
30:45 Block Printing
31:05 Conscription
32:13 Two-Man Saw
31:45 Crop Rotation
31:12 Bodkin Arrow
32:21 Stone Shaft Mining
31:50 Padded Archer Armor
32:13 Herbalism
31:58 Crossbowman
32:44 Thumb Ring
32:43 Bracer
32:47 Arbalester
33:53 Ballistics
34:28 Illumination
35:33 Theocracy
35:25 Town Watch
36:18 Leather Archer Armor
36:34 Redemption
36:53 Town Patrol
39:08 Chemistry
38:46 Devotion
44:27 Huaracas
45:50 Siege Engineers
50:43 Hoardings
49:49 Treadmill Crane
56:08 Masonry
绵绵
10:44 Feudal Age
12:01 Loom
14:20 Castle Age
13:50 Double-Bit Axe
21:34 Bow Saw
22:59 Wheelbarrow
23:08 Wheelbarrow
24:17 Hand Cart
27:38 Imperial Age
24:55 Loom
24:55 Town Watch
26:02 Scale Barding Armor
26:09 Forging
26:53 Devotion
28:31 Chain Barding Armor
27:47 Cavalier
29:22 Faith
29:33 Caravan
30:09 Block Printing
30:48 Gold Mining
30:48 Stone Mining
30:56 Paladin
31:37 Husbandry
32:18 Coinage
33:45 Gold Shaft Mining
34:54 Plate Barding Armor
36:23 Iron Casting
35:50 Fletching
36:33 Chivalry
37:00 Town Patrol
38:14 Chemistry
38:42 Blast Furnace
38:37 Bodkin Arrow
39:35 Conscription
40:53 Herbal Medicine
43:33 Sanctity
43:41 Illumination
43:29 Fervor
46:14 Siege Engineers
50:51 Hoardings
50:55 Ballistics
50:48 Masonry
54:04 Architecture
m4r[
12:15 Feudal Age
11:07 Loom
16:12 Castle Age
15:45 Double-Bit Axe
15:42 Horse Collar
23:16 Man-at-Arms
23:57 Squires
23:52 Long Swordsman
30:01 Pikeman
32:00 Scale Mail Armor
32:10 Forging
36:42 Wheelbarrow
36:53 Heavy Plow
37:13 Chain Mail Armor
37:33 Iron Casting
38:41 Hand Cart
38:33 Gold Mining
42:14 Imperial Age
41:15 Anarchy
41:34 Fletching
43:17 Conscription
43:08 Perfusion
42:57 Halberdier
43:24 Two-Handed Swordsman
45:12 Blast Furnace
44:45 Stone Mining
44:27 Champion
46:53 Bodkin Arrow
47:53 Elite Huskarl
Connection lost

Rejoining the realm…

Still unreachable

The connection could not be restored.

Session expired

The server has moved on; the page needs a fresh start.